 Dungeon Crawl Stone Soup version 0.29.1-12-g30fa7ad0bf (webtiles) character file.

Game seed: 3517698765686387328

32 nachturnus the Chopper (level 3, -4/31 HPs)
             Began as a Draconian Monk on Jan 10, 2023.
             Slain by a gnoll
             ... wielding a +0 whip of electrocution
              (13 damage)
             ... on level 2 of the Dungeon.
             The game lasted 00:04:29 (1472 turns).

nachturnus the Chopper (Draconian Monk)             Turns: 1472, Time: 00:04:30

Health: -4/31      AC:  5    Str: 15    XL:     3   Next: 8%
Magic:  3/3        EV: 12    Int: 10    God:
Gold:   84         SH:  0    Dex: 13    Spells: 2/2 levels left

rFire   . . .      SeeInvis +   a - +0 hand axe
rCold   . . .      Faith    .   (no shield)
rNeg    . . .      Spirit   .   (body armour unavailable)
rPois   .          Reflect  .   (helmet restricted)
rElec   .          Harm     .   (no cloak)
rCorr   .          Rampage  .   (no gloves)
Will    .....                   (no boots)
Stlth   ++........              (no amulet)
HPRegen 0.10/turn               d - ring of see invisible
MPRegen 0.08/turn               (no ring)

@: no status effects
A: AC +5, unfitting armour, cold-blooded
a: no special abilities


You were on level 2 of the Dungeon.
You visited 1 branch of the dungeon, and saw 2 of its levels.

You collected 84 gold pieces.

Inventory:

Hand Weapons
 a - a +0 hand axe (weapon)
Jewellery
 d - a ring of see invisible (left hand)
Scrolls
 e - a scroll of enchant weapon {unknown}
 f - a scroll of identify
 h - a scroll of magic mapping {unknown}
Potions
 b - a potion of ambrosia
 c - 2 potions of curing
 g - a potion of flight {unknown}


   Skills:
 - Level 3.3 Fighting
 + Level 4.2 Axes
 - Level 2.7 Dodging
 - Level 1.8 Stealth


You had 2 spell levels left.
You didn't know any spells.
Your spell library contained the following spells:

 Spells                   Type           Power      Damage    Failure   Level
 Apportation              Tloc           0%         N/A       36%         1
 Necrotise                Necr           0%         1d4       36%         1
 Summon Small Mammal      Summ           0%         N/A       36%         1


Dungeon Overview and Level Annotations

Branches:
Dungeon (2/15)

Altars:

Shops:
D:1 [   D:2 :


Innate Abilities, Weirdness & Mutations

Your plain brown scales are hard. (AC +5)
You cannot fit into any form of body armour.
You are cold-blooded and may be slowed by cold attacks.


Message History

There is an open door here.
You hit the ball python.
You tail-slap the ball python, but do no damage.
The ball python is severely wounded.
The ball python bites you. The ball python grabs you.
The ball python constricts you.
You barely miss the ball python.
The ball python is severely wounded.
The ball python barely misses you. The ball python constricts you.
The ball python barely misses you. The ball python constricts you.
You hit the ball python.
You kill the ball python!
There is an open door here.
A gnoll comes into view. It is wielding a +0 whip.
There is an open door here.
The bat barely misses you.
The gnoll shouts! x3
The bat misses you.
There is an open door here.
The bat closely misses you.
You slash the bat!
You kill the bat!
You hit the gnoll but do no damage.
Your tail-slap misses the gnoll.
You barely miss the gnoll.
Your tail-slap misses the gnoll.
The gnoll hits you from afar with a +0 spear.
The gnoll hits you but does no damage.
The gnoll hits you with a +0 whip of electrocution!
The gnoll completely misses you.
You hit the gnoll but do no damage.
The gnoll hits you from afar with a +0 spear.
The gnoll hits you with a +0 whip of electrocution.
You are too injured to fight recklessly!
You are too injured to fight recklessly!
You are too injured to fight recklessly!
You are too injured to fight recklessly!
You barely miss the gnoll. The gnoll barely misses you.
The gnoll hits you with a +0 whip of electrocution.
* * * LOW HITPOINT WARNING * * *
You are electrocuted!
You die...

####### # #####.....# #######^.
..........###### #........
...............# ##..........###
...............####.......)....?.
.................##.....##..g⌠.⌠.
........++......@'gg....>..b..∩.r
........##......g##..........⌠.⌠#
........##..†...g................
........##.........#+###.....##
........##.........# #.<....#
.......###.....#####.......##....
...............# #.......# .
............# #........
...........# ...###..#.#


You could see 4 gnolls.

Vanquished Creatures
  A dart slug (D:1)
  An endoplasm (D:1)
  4 goblins (D:1)
  2 jackals (D:2)
  2 ball pythons
  7 bats
  A frilled lizard (D:1)
  6 kobolds
  4 rats
28 creatures vanquished.

Notes
Turn   | Place    | Note
-------+----------+-------------------------------------------
     0 | D:1      | nachturnus the Draconian Monk began the quest for the Orb.
     0 | D:1      | Reached XP level 1. HP: 19/19 MP: 1/1
   245 | D:1      | Found a faded altar of an unknown god.
   338 | D:1      | Found Seceitiqy's Antique Armour Shop.
   359 | D:1      | Reached XP level 2. HP: 22/26 MP: 2/2
  1203 | D:2      | Found Esalleid's Book Emporium.
  1242 | D:2      | Reached skill level 4 in Axes
  1391 | D:2      | Reached XP level 3. HP: 31/31 MP: 3/3
  1472 | D:2      | Slain by a gnoll

Illustrated notes

Levels and vault maps discovered:
D:1:      onia_arrival_mini_maze, layout_basic,
          chequers_ecumenical_altar_simple, serial_shops, shop
D:2:      layout_basic, serial_shops, shop_fountains, kennysheep_flooded_box

Skill      XL: |  1  2 |
---------------+-------+-----
Axes           | 4 |  4.2
Fighting       | |  3.3
Dodging        | |  2.7
Stealth        | |  1.8

Action                   || total
-------------------------++-------
Melee: Hand axe          ||    72
       Tailslap          ||     6
  Use: Scroll            ||     4
 Stab: Sleeping          ||     4
Armor: Skin              ||    19
Dodge: Dodged            ||    43
